 Dungeon Crawl Stone Soup version 0.30-a0-715-gdb4ae3ece1 (webtiles) character file.

Game seed: 12699616739400764372

209 M4edhros the Insei (level 5, -11/33 HPs)
             Began as an Octopode Transmuter on Jan 24, 2023.
             Mangled by an ogre
             ... wielding a +0 giant club
              (27 damage)
             ... on level 4 of the Dungeon.
             The game lasted 00:04:56 (634 turns).

M4edhros the Insei (Octopode Transmuter)             Turns: 634, Time: 00:04:57

Health: -11/33     AC:  1    Str:  9    XL:     5   Next: 87%
Magic:  8/8        EV: 13    Int: 15    God:
Gold:   26         SH:  0    Dex: 15    Spells: 2/8 levels left

rFire   . . .      SeeInvis .      - Unarmed
rCold   . . .      Faith    .    (no shield)
rNeg    . . .      Spirit   .    (helmet restricted)
rPois   .          Reflect  .    (no amulet)
rElec   .          Harm     .    (no ring)
rCorr   .          Rampage  .    (no ring)
Will    .....                    (no ring)
Stlth   ++                       (no ring)
HPRegen 0.25/turn                (no ring)
MPRegen 0.11/turn                (no ring)
                                 (no ring)
                                 (no ring)

@: confused, ambrosia-drunk, wereblooded
A: almost no armour, amphibious, 8 rings, camouflage 1, gelatinous body 1,
(nimble swimmer 1), tentacles
a: no special abilities


You were on level 4 of the Dungeon.
You visited 1 branch of the dungeon, and saw 4 of its levels.

You collected 26 gold pieces.

Inventory:

Missiles
 e - 2 poisoned darts
 f - 6 javelins
Jewellery
 a - an amulet of regeneration
Scrolls
 b - 2 scrolls of identify {unknown}
 c - a scroll of teleportation {unknown}
 d - a scroll of vulnerability {unknown}
Potions
 h - a potion of lignification


   Skills:
 - Level 1.0 Fighting
 - Level 2.0 Dodging
 - Level 5.0 Unarmed Combat
 - Level 2.0 Spellcasting
 + Level 4.3 Transmutations


You had 2 spell levels left.
You knew the following spells:

 Your Spells              Type           Power      Damage    Failure   Level
a - Beastly Appendage     Tmut           28%        N/A       3%          1
b - Wereblood             Tmut           14%        N/A       5%          2
c - Spider Form           Tmut/Pois      8%         N/A       26%         3

Your spell library contained the following spells:

 Spells                   Type           Power      Damage    Failure   Level
 Kiss of Death            Conj/Necr      4%         2d5       22%         1
 Confusing Touch          Hex            1%         N/A       54%         3
 Ice Form                 Ice/Tmut       8%         N/A       65%         4
 Dispel Undead            Necr           1%         3d6       91%         4


Dungeon Overview and Level Annotations

Branches:
Dungeon (4/15)
 Temple: D:4-7

Altars:


Innate Abilities, Weirdness & Mutations

You cannot wear most types of armour.
You are amphibious.
You can wear up to eight rings at the same time.
Your skin changes colour to match your surroundings (Stealth+).
Your rubbery body absorbs attacks. (AC +1, EV +1)
((You are camouflaged when in or above water. (Stealth+)))
You have tentacles for arms and can constrict up to eight enemies at once.


Message History

The kobold is moderately wounded.
The adder bites you.
You are poisoned.
The adder poisons you! The kobold closely misses you.
Casting: Spider Form (extremely dangerous; 50% risk of failure)
Confirm with . or Enter, or press ? or * to list all spells.
Okay, then.
Casting: Spider Form (extremely dangerous; 50% risk of failure)
Confirm with . or Enter, or press ? or * to list all spells.
Your blood is infused with primal strength.
You feel very sick.
You feel a bit better.
You kill the adder!
The kobold hits you with a +0 whip.
Okay, then.
It was a potion of ambrosia.
You are confused.
You feel invigorated.
You hiss as the wereblood boils in your veins!
You feel sick. The kobold completely misses you.
You completely miss the ogre.
You feel sick.
You feel a bit better.
You kill the kobold!
The ogre hits you with a +0 giant club!!
Ouch! That really hurt!
* * * LOW HITPOINT WARNING * * *
Okay, then.
You feel sick.
You feel sick.
You feel sick.
Your transformation has ended.
You feel sick.
You tentacle-slap the ogre.
The ogre is lightly wounded.
The ogre hits you with a +0 giant club!
You howl as the wereblood boils in your veins!
You feel sick.
You are no longer poisoned.
The ogre hits you with a +0 giant club!!
Ouch! That really hurt!
You die...

.......... #.......#
#.......# #.......#.#
#.......#.# .
#.....).#.# .... ..
#.......#.##...# ...
#..............# #.##
#....O@...#... ....
##........#.#### #...
##............# #...
#............#####...
#....................
#.............)......
#....................
#....................
#....................


You could see an ogre.

Vanquished Creatures
  A scorpion (D:4)
  A hound (D:4)
  Terence (D:3)
  An orc wizard (D:4)
  2 adders (D:4)
  4 gnolls
  A dart slug (D:3)
  3 orcs (D:4)
  2 jackals (D:2)
  A quokka (D:4)
  A goblin (D:4)
  2 kobolds
  A rat (D:2)
21 creatures vanquished.

Notes
Turn   | Place    | Note
-------+----------+-------------------------------------------
     0 | D:1      | M4edhros the Octopode Transmuter began the quest for the
                  | Orb.
     0 | D:1      | Reached XP level 1. HP: 13/13 MP: 3/3
   193 | D:3      | Identified the +4 leather armour "Weremuept" {rElec rN++
                  | Slay-5}
   222 | D:4      | Noticed an orc wizard
   223 | D:4      | Noticed a hound
   232 | D:4      | Reached XP level 2. HP: 18/18 MP: 5/5
   234 | D:4      | Reached skill level 4 in Unarmed Combat
   234 | D:4      | Reached XP level 3. HP: 23/23 MP: 6/6
   238 | D:4      | Reached XP level 4. HP: 28/28 MP: 7/7
   297 | D:3      | Reached skill level 5 in Unarmed Combat
   300 | D:3      | Learned a level 2 spell: Wereblood
   340 | D:3      | Noticed Terence
   353 | D:3      | Killed Terence
   506 | D:4      | Reached XP level 5. HP: 18/33 MP: 4/8
   617 | D:4      | Learned a level 3 spell: Spider Form
   622 | D:4      | Noticed an ogre
   634 | D:4      | Mangled by an ogre

Illustrated notes

Levels and vault maps discovered:
D:1:      onia_arrival_mini_spirals, layout_rooms,
          shapermc_ecumenical_altar_venn
D:2:      layout_basic, serial_forest, infiniplex_forest_end_2,
          infiniplex_forest_straight_2, infiniplex_forest_end_1,
          infiniplex_forest_end_2, infiniplex_forest_lined_2
D:3:      layout_loops_ring, uniq_grinder, uniq_terence
D:4:      layout_basic, minmay_manual_moon

Skill      XL: |  1  2  3  4  5 |
---------------+----------------+-----
Unarmed Combat | 4 5 |  5.0
Transmutations | 3 4 |  4.3
Fighting       | |  1.0
Dodging        | |  2.0
Spellcasting   | |  2.0

Action                     |  1- 3 |  4- 6 || total
---------------------------+-------+-------++-------
  Melee: Unarmed           |    29 |    40 ||    69
         Constrict         |     4 |     8 ||    12
         Tentacles         |     3 |    10 ||    13
         Punch             |     1 |       ||     1
         Kick              |       |     9 ||     9
   Cast: Beastly Appendage |       |     2 ||     2
         Wereblood         |       |     2 ||     2
         Spider Form       |       |     1 ||     1
    Use: Potion            |     1 |     2 ||     3
   Stab: Sleeping          |       |     1 ||     1
 Armour: Skin              |    15 |       ||    15
  Dodge: Dodged            |    10 |    25 ||    35

Table legend: (Time is in decaauts)
 A = Elapsed time spent in this place.
 B = Non-inter-level travel time spent in this place.
 C = Inter-level travel time spent in this place.
 D = Time resting spent in this place.
 E = Time spent auto-exploring this place.
 F = Levels seen in this place.
 G = Mean time per level.
                   A        B        C        D        E       F      G
               +--------+--------+--------+--------+--------+-----+--------+
         Total |    641 |    579 |     62 |     27 |    145 |   4 |  160.2 |
       Dungeon |    641 |    579 |     62 |     27 |    145 |   4 |  160.2 |
               +--------+--------+--------+--------+--------+-----+--------+

Top non-repeatable levels by time:
     D:4: 294 daAuts
     D:3: 165 daAuts
     D:2: 136 daAuts
     D:1: 44 daAuts
